[Event "*** Titled Tuesday Blitz"]
[Site "Chess.com"]
[Date "2019.03.05"]
[Round "5"]
[White "vugarrasulov"]
[Black "DanielNaroditsky"]
[Result "1-0"]
[WhiteElo "2764"]
[BlackElo "2984"]
[TimeControl "180+2"]
[EndTime "14:12:09 PST"]
[Termination "vugarrasulov won by resignation"]

1. e4 e5 2. Nf3 Nc6 3. Bb5 a6 4. Ba4 Nf6 5. O-O Be7 6. d3 b5 7.
Bb3 d6 8. a4 b4 9. Nbd2 O-O 10.
a5 Rb8 11. Bc4 h6 12. Re1 Re8 13. h3 Bf8 14. Nf1 Ne7 15. Ne3 Ng6 16. Nh2 c6 17. Nhg4 Nxg4 18. hxg4 Nf4 19. Qf3 g6 20. Bd2 Bg7 21.
Ra4 c5 22. Raa1 Bb7 23. c3 bxc3 24. bxc3 Qd7 25. Reb1 Kh7 26. Rb6 Bc6 27. Rab1 Bb5 28. R1xb5 axb5 29. Bxb5 Qxb5 30. Rxb5 Rxb5 31. Nc4 Re7 32. g3 Ne6 33. Kg2 Rd7 34. Qd1 Ra7 35.
Qa4 Nc7 36. g5 hxg5 37. Bxg5 f6 38. Be3 Bf8 39. d4 Kg7 40. dxc5 dxc5 41. Qd1 Ne6 42.
Qd5 Kf7 43. f4 exf4 44. gxf4 Ke7 45. f5 gxf5 46. exf5 Nd8 47. Bxc5+ Ke8 48. Qe4+ Re7 49. Bxe7 Bxe7 50. Nd6+ 1-0

[Event "*** Titled Tuesday Blitz"]
[Site "Chess.com"]
[Date "2019.03.05"]
[Round "5"]
[White "FearNoEvil12"]
[Black "017290"]
[Result "1-0"]
[WhiteElo "1942"]
[BlackElo "2068"]
[TimeControl "180+2"]
[EndTime "14:12:09 PST"]
[Termination "FearNoEvil12 won by checkmate"]

1. e4 e5 2. d4 exd4 3. Bc4 Nf6 4. Nf3 Nc6 5. e5 d5 6. Bb5 Ne4 7. Nxd4 Bc5 8. O-O Bd7 9. Bxc6 bxc6 10. f3 Ng5 11. f4 Ne6 12. Be3 Qe7 13. c3 Bxd4 14. cxd4 c5 15. f5 Nxd4 16. Bxd4 cxd4 17. Qxd4 O-O 18.
Nc3 Rfe8 19. Rae1 c6 20. f6 gxf6 21. exf6 Qxe1 22. Rxe1 Rxe1+ 23. Kf2 Ree8 24. Qf4 Kh8 25. Ne2 Re4 26. Qc7 Be6 27. Ng3 Rc4 28. Nh5 Rf8 29.
Ng7 Bg4 30. h3 Rc2+ 31. Kg3 Be2 32. Kh4 Bf1 33. g4 Rh2 34. Kg5 Rxh3 35. Qe7 Kg8 36.
Ne6 h6+ 37. Kf4 Rb8 38. Nd8 Rxd8 39. Qxd8+ Kh7 40. Qf8 Kg6 41. Qg7# 1-0

[Event "*** Titled Tuesday Blitz"]
[Site "Chess.com"]
[Date "2019.03.05"]
[Round "5"]
[White "NM2019"]
[Black "CzechmVIII"]
[Result "1-0"]
[WhiteElo "2096"]
[BlackElo "2133"]
[TimeControl "180+2"]
[EndTime "14:12:10 PST"]
[Termination "NM2019 won by resignation"]

1. e3 g6 2. d4 Bg7 3. c4 Nf6 4.
Nc3 c5 5. Nf3 O-O 6. Bd3 cxd4 7.
exd4 d5 8. c5 Nc6 9. O-O Ne4 10.
Be3 Nxc5 11. dxc5 d4 12. Nxd4 Nxd4 13. Be4 Nc6 14. Qe2 Be6 15. Rfd1 Qc8 16. Nd5 Rd8 17. Rac1 Bxd5 18. Bxd5 e6 19. Bf3 Qc7 20. g3 Qe5 21.
b3 Rac8 22. a3 a5 23. Bf4 Qxe2 24. Bxe2 Bb2 25. Rc2 Bxa3 26. Rcd2 Rxd2 27. Rxd2 Rd8 28. Rc2 Nd4 29. Rd2 Nxe2+ 30. Rxe2 Bxc5 31. Bc7 Rd1+ 32. Kg2 Ra1 33. Rd2 Kg7 34. Be5+ Kh6 35. Bxa1 b5 36.
Rd7 f5 37. Bg7+ Kg5 38. h4+ Kh5 39. Rb7 a4 40. Rxb5 1-0

[Event "*** Titled Tuesday Blitz"]
[Site "Chess.com"]
[Date "2019.03.05"]
[Round "5"]
[White "LLRChess"]
[Black "Keaton87"]
[Result "1-0"]
[WhiteElo "2335"]
[BlackElo "2536"]
[TimeControl "180+2"]
[EndTime "14:12:12 PST"]
[Termination "LLRChess won on time"]

1. f4 e5 2. fxe5 d6 3. exd6 Bxd6 4. Nf3 g5 5. g3 g4 6. Nh4 Ne7 7. Bg2 Ng6 8. Nxg6 hxg6 9. Kf1 Nc6 10. Nc3 Bf5 11. e4 Bd7 12. d4 Qf6+ 13. Kg1 Nxd4 14. Be3 Bc5 15. Nd5 Qe5 16. c3 Nf3+ 17. Bxf3 Bxe3+ 18.
Nxe3 gxf3 19. Qxf3 O-O-O 20. Kg2 Bh3+ 21. Kf2 Rd2+ 22.
Ke1 Rxb2 23. Nc4 Qb5 24. Nxb2 Qxb2 25. Rd1 f5 26. Rd2 Qb6 27. e5 Re8 28. Qf4 g5 29.
Qd4 Qe6 30. Kf2 f4 31. Rhd1 b6 32. gxf4 gxf4 33. Qxf4 1-0

[Event "*** Titled Tuesday Blitz"]
[Site "Chess.com"]
[Date "2019.03.05"]
[Round "5"]
[White "Gabrielian_Artur"]
[Black "Genghis_K"]
[Result "0-1"]
[WhiteElo "2747"]
[BlackElo "2851"]
[TimeControl "180+2"]
[EndTime "14:12:13 PST"]
[Termination "Genghis_K won by resignation"]

1. e4 c5 2. Nc3 Nc6 3. Bb5 Nd4 4. Bc4 a6 5. Nce2 b5 6. Bd5 Rb8 7. Nxd4 cxd4 8. Ne2 Nf6 9. Nxd4 e6 10. Bb3 Nxe4 11.
O-O Bb7 12. a4 Bc5 13. Nf3 O-O 14. d3 Nf6 15. axb5 axb5 16. Bg5 Be7 17. Qe2 Nd5 18. Bxe7 Qxe7 19. Bxd5 Bxd5 20. Nd2 Qf6 21. c3 b4 22. c4 Bc6 23. b3 Ra8 24. Rxa8 Rxa8 25. Ne4 Qd4 26. Qe3 Qb2 27. Qg3 Qxb3 28. Nf6+ Kh8 29. Nh5 Qc3 30. h4 b3 31. Kh2 b2 32. Rb1 g6 33. Nf4 Ra1 34. Ne2 Qf6 35. Qb8+ Kg7 36.
Qxb2 Rxb1 37. Qxb1 Qxf2 38. Qb2+ f6 0-1

[Event "*** Titled Tuesday Blitz"]
[Site "Chess.com"]
[Date "2019.03.05"]
[Round "5"]
[White "Jenia84"]
[Black "fyall777"]
[Result "1-0"]
[WhiteElo "2188"]
[BlackElo "2304"]
[TimeControl "180+2"]
[EndTime "14:12:16 PST"]
[Termination "Jenia84 won on time"]

1. e4 e6 2. d4 d5 3. Nc3 dxe4 4.
Nxe4 Nf6 5. Bd3 Nbd7 6. Nf3 Nxe4 7. Bxe4 Nf6 8. Bd3 c5 9. Be3 cxd4 10. Bxd4 Be7 11.
Qe2 O-O 12. O-O-O Qa5 13. Kb1 Bd7 14. g4 Bc6 15. Rhg1 Rfd8 16. Bc3 Qa4 17. Ng5 Qf4 18.
Nxe6 Bf3 19. Nxf4 Bxe2 20. Nxe2 Nd5 21. Bc4 Nxc3+ 22. Nxc3 Rdc8 23. b3 Bc5 24. Ne4 Ba3 25.
Rd7 Rab8 26. Bxf7+ Kh8 27. Rgd1 Rf8 28. Ng5 h6 29.
Ne6 Rfc8 30. Rd8+ Kh7 31. h4 Be7 32. Rxc8 Rxc8 33. h5 Bf6 34. c4 b5 35. Rd7 bxc4 36. bxc4 Rxc4 37. Nf8+ Kh8 38. Bxc4 1-0

[Event "*** Titled Tuesday Blitz"]
[Site "Chess.com"]
[Date "2019.03.05"]
[Round "5"]
[White "LaughingTiger"]
[Black "1995Tiger"]
[Result "0-1"]
[WhiteElo "2144"]
[BlackElo "1972"]
[TimeControl "180+2"]
[EndTime "14:12:17 PST"]
[Termination "1995Tiger won by checkmate"]

1. e4 e6 2. d4 d5 3. Nd2 Nc6 4. Ngf3 Nf6 5. e5 Nd7 6. Bd3 f6 7. exf6 Qxf6 8. O-O Bd6 9. c4 O-O 10. c5 Bf4 11. Nb3 e5 12. dxe5 Ndxe5 13. Bxf4 Qxf4 14.
Nxe5 Nxe5 15. Nd4 Bg4 16. Be2 c6 17. Bxg4 Nxg4 18. g3 Qe4 19. h3 Ne3 20. fxe3 Qxe3+ 21. Kg2 Rxf1 22. Qxf1 Qxd4 23. Re1 Qxb2+ 24. Re2 Qf6 25. Rf2 Qg6 26. Kh2 h6 27. Re2 Rf8 28.
Qe1 Kh7 29. Re7 Qc2+ 30. Re2 Qg6 31. Qb4 Qd3 32. Rg2 Rf1 33. Qxb7 Qd1 34. g4 Qe1 35. Rb2 Rh1+ 36. Kg2 Qf1+ 37. Kg3 Rxh3# 0-1

[Event "*** Titled Tuesday Blitz"]
[Site "Chess.com"]
[Date "2019.03.05"]
[Round "5"]
[White "Gentlejimmy7"]
[Black "belisarius64"]
[Result "1-0"]
[WhiteElo "2402"]
[BlackElo "2474"]
[TimeControl "180+2"]
[EndTime "14:12:21 PST"]
[Termination "Gentlejimmy7 won by resignation"]

1. d4 Nf6 2. Nf3 g6 3. g3 Bg7 4.
Bg2 O-O 5. O-O d6 6. b3 c5 7.
c4 cxd4 8. Nxd4 a6 9. Bb2 Qc7 10. Nc3 Nc6 11. Rc1 Nxd4 12. Qxd4 Be6 13. Nd5 Bxd5 14.
Bxd5 Nh5 15. Qd2 Bxb2 16. Qxb2 Nf6 17. Bf3 Rab8 18. Rfd1 Rfc8 19. h4 Qc5 20. b4 Qb6 21. a3 Rc7 22. Rc2 Rbc8 23. Rdc1 Qa7 24. Kg2 b6 25. Qd4 Nd7 26. h5 Ne5 27. hxg6 hxg6 28. Qh4 Nxf3 29. exf3 Kg7 30. Rh1 Rg8 31. Qh6+ Kf6 32.
Rh4 e5 33. Rd2 Rd7 34. Qh7 Qa8 35. c5 bxc5 36. bxc5 d5 37. c6 Rd6 38. c7 Qc8 39.
Rc2 Rf8 40. Qh6 Re8 41. Rb4 Rd7 42. Rb8 Qxb8 43. cxb8=Q Rxb8 44. Rc6+ Ke7 45. Qg5+ Ke8 46. Qxe5+ 1-0

[Event "*** Titled Tuesday Blitz"]
[Site "Chess.com"]
[Date "2019.03.05"]
[Round "5"]
[White "Orest_Vovk"]
[Black "PawnEatingZombie"]
[Result "1-0"]
[WhiteElo "2150"]
[BlackElo "2130"]
[TimeControl "180+2"]
[EndTime "14:12:24 PST"]
[Termination "Orest_Vovk won by resignation"]

1. e4 e6 2. d4 d5 3. Bd3 c5 4. exd5 exd5 5. dxc5 Bxc5 6. Nf3 Nf6 7. O-O O-O 8. h3 Nc6 9. Nc3 Be6 10. Bg5 h6 11. Bh4 Be7 12. Re1 Re8 13. Nb5 a6 14. Nbd4 Qd7 15.
Nxe6 fxe6 16. Bg6 Rf8 17. Qe2 Nd8 18. Ne5 Qc7 19. Qd3 Bd6 20. Ng4 Nxg4 21. hxg4 Qd7 22.
f3 Bc5+ 23. Bf2 Bxf2+ 24. Kxf2 Nc6 25. c3 Qd6 26. Qe3 e5 27. Bf5 Rae8 28. Rad1 d4 29. cxd4 Nxd4 30. Rd2 Qf6 31. Be4 Qh4+ 32. Kg1 h5 33.
gxh5 Qxh5 34. Bd5+ Kh8 35. g4 Qh3 36. Rh2 Qxh2+ 37.
Kxh2 Rd8 38. Be4 Rf6 39. Kg3 Rh6 40. Kg2 Ne6 41. g5 Nf4+ 42. Qxf4 exf4 43. gxh6 gxh6 44.
Re2 Kg7 45. Kh3 b6 46. Kg4 Rf8 47. Rc2 Rf6 48. Rc7+ Kf8 49. Rc6 1-0

[Event "*** Titled Tuesday Blitz"]
[Site "Chess.com"]
[Date "2019.03.05"]
[Round "5"]
[White "monalize"]
[Black "BlackBoarder"]
[Result "0-1"]
[WhiteElo "2303"]
[BlackElo "2543"]
[TimeControl "180+2"]
[EndTime "14:12:28 PST"]
[Termination "BlackBoarder won on time"]

1. e4 e6 2. d4 d5 3. Nd2 c5 4.
exd5 Qxd5 5. Ngf3 cxd4 6. Bc4 Qd6 7. O-O Nf6 8. Nb3 Nc6 9. Re1 a6 10. Nbxd4 Nxd4 11. Nxd4 Qc7 12. Bf1 Bd7 13. c4 Bd6 14. Nf5 Bxh2+ 15. Kh1 O-O-O 16. Nxg7 Be5 17. Nh5 Bc6 18.
Qe2 Nxh5 19. Qxh5 Bd4 20. Be3 Bxb2 21. Rab1 Bd4 22. c5 Bxe3 23. Rxe3 Rd2 24. Qg5 Rxf2 25. Reb3 f6 26. Qe3 Rxa2 27. Qxe6+ Qd7 28. Qxf6 Rg8 29.
Rxb7 Bxb7 30. c6 Qxc6 31. Qf5+ Kb8 32. Qf4+ Ka8 33. Qf3 Qxf3 34. gxf3 Bxf3+ 0-1

[Event "*** Titled Tuesday Blitz"]
[Site "Chess.com"]
[Date "2019.03.05"]
[Round "5"]
[White "Barcelona_Guy"]
[Black "mlchen"]
[Result "1-0"]
[WhiteElo "2727"]
[BlackElo "2456"]
[TimeControl "180+2"]
[EndTime "14:12:29 PST"]
[Termination "Barcelona_Guy won by resignation"]

1. e4 e5 2. Nf3 Nc6 3. Bb5 a6 4. Ba4 Nf6 5. O-O Be7 6. Re1 b5 7. Bb3 d6 8. c3 O-O 9. h3 Na5 10. Bc2 c5 11. d4 Qc7 12. Nbd2 cxd4 13. cxd4 Rd8 14. d5 Bd7 15. Bd3 Nb7 16. Nb3 a5 17. Be3 a4 18. Rc1 Qb8 19. Nbd2 Rc8 20. Qe2 Nc5 21.
Bb1 Bd8 22. Nxe5 dxe5 23. Bxc5 Bb6 24. Qe3 Bxc5 25. Rxc5 Rxc5 26. Qxc5 Qb7 27. Nf3 Re8 28. Rc1 Rc8 29. Qe3 Rxc1+ 30. Qxc1 Qb8 31. Qc3 b4 32. Qxe5 Qc8 33. Qf4 h6 34. Qd2 Qc4 35. Ne5 Qb5 36. Bd3 Qb6 37. Qe3 Qc7 38. Nc4 Bb5 39.
b3 axb3 40. axb3 Bxc4 41. Bxc4 Nd7 42. f4 Qa5 43. e5 Kh8 44. e6 fxe6 45. dxe6 Qa1+ 46.
Kh2 Nf6 47. e7 Qa8 48. Bb5 Ne8 49. Qe6 Qb8 50. Qe5 Qc8 51. Qh5 Qb8 52. Qxe8+ 1-0

[Event "*** Titled Tuesday Blitz"]
[Site "Chess.com"]
[Date "2019.03.05"]
[Round "5"]
[White "BasilSmash"]
[Black "davidarenas1224"]
[Result "0-1"]
[WhiteElo "2304"]
[BlackElo "2505"]
[TimeControl "180+2"]
[EndTime "14:12:32 PST"]
[Termination "davidarenas1224 won by resignation"]

1. e4 e5 2. Nf3 Nc6 3. Bb5 a6 4. Bxc6 dxc6 5. O-O Bd6 6. d4 exd4 7. Qxd4 f6 8. Be3 Be6 9. Nbd2 Ne7 10. Rad1 Ng6 11. Nc4 Bxc4 12. Qxc4 Qe7 13. Rfe1 O-O-O 14. a4 Rhe8 15. Bc1 Ne5 16. Nxe5 Qxe5 17. g3 h5 18.
b3 g5 19. f4 Qc5+ 20. Qxc5 Bxc5+ 21. Kg2 Rxd1 22. Rxd1 gxf4 23. Bxf4 Rxe4 24. Kf3 f5 25. h3 Re6 26. Rf1 b5 27. Ra1 Kb7 28. Bg5 Bd6 29.
Bf4 Re4 30. Bxd6 cxd6 31. axb5 axb5 32. Ra2 d5 33. Ra1 c5 34. Ra5 Kb6 35. Ra8 c4 36.
bxc4 dxc4 37. Rf8 Re5 38. Kf4 Rc5 39. c3 b4 40. cxb4 Rc7 41. Re8 c3 42. Re1 Kb5 43.
Kxf5 Kxb4 44. g4 h4 45. g5 c2 46. g6 c1=Q 47. Rxc1 Rxc1 48. g7 Rg1 49. Kf6 Kc4 50. Kf7 Kd4 51. g8=Q Rxg8 52. Kxg8 Ke4 53. Kf7 Kf3 54. Kf6 Kg3 55. Kf5 Kxh3 56. Kf4 Kg2 0-1

[Event "*** Titled Tuesday Blitz"]
[Site "Chess.com"]
[Date "2019.03.05"]
[Round "5"]
[White "leoo2001"]
[Black "kuli4ik"]
[Result "1-0"]
[WhiteElo "2706"]
[BlackElo "2764"]
[TimeControl "180+2"]
[EndTime "14:12:34 PST"]
[Termination "leoo2001 won by resignation"]

1. e4 e6 2. d4 d5 3. Nc3 Be7 4. Nf3 Nf6 5. Bd3 c5 6. exd5 exd5 7. dxc5 O-O 8. O-O Bxc5 9. Bg5 Be6 10. Ne2 Nc6 11. Nf4 h6 12. Bh4 Bg4 13. h3 Bxf3 14. Qxf3 g5 15. Nh5 Nxh5 16. Qxh5 Qf6 17. Bg3 Nb4 18.
Rad1 Rad8 19. c3 Nxd3 20. Rxd3 Rfe8 21. h4 Kg7 22. Rfd1 d4 23. hxg5 hxg5 24. b4 Bb6 25.
c4 a6 26. c5 Ba7 27. Bd6 Re4 28. Rg3 g4 29. Rxg4+ Rxg4 30. Qxg4+ Qg6 31. Qxd4+ Kg8 32.
Re1 Bb8 33. Qh4 Rc8 34. Bxb8 Rxb8 35. Re3 Qb1+ 36. Kh2 Qh7 37. Qxh7+ Kxh7 38. Re7 Kg6 39. Rc7 f6 40. Kg3 b6 41. c6 Re8 42. Rb7 b5 43. c7 Rc8 44. Kf4 Kf7 45. Kf5 Ke7 46. g4 Kf7 47. f4 Ke7 48. Rb6 Rxc7 49. Re6+ Kd7 50. Rxa6 Rc4 51. a3 Kc7 1-0

[Event "*** Titled Tuesday Blitz"]
[Site "Chess.com"]
[Date "2019.03.05"]
[Round "5"]
[White "SanchezKelvin"]
[Black "PotapovaM"]
[Result "0-1"]
[WhiteElo "2500"]
[BlackElo "2423"]
[TimeControl "180+2"]
[EndTime "14:12:34 PST"]
[Termination "PotapovaM won by resignation"]

1. d4 Nf6 2. c4 e6 3. Nf3 b6 4. g3 Bb7 5. Bg2 g6 6. O-O Bg7 7. Nc3 Ne4 8. Qc2 Nxc3 9. Qxc3 a5 10.
b3 O-O 11. Bb2 d6 12. Rfe1 Nd7 13. e4 Qe7 14. a3 h6 15. h4 e5 16. Qc2 exd4 17.
Nxd4 Ne5 18. Rad1 h5 19. Nb5 Rae8 20. Bc3 a4 21. bxa4 Bc8 22. a5 Bg4 23. Rc1 bxa5 24. f3 Be6 25. f4 Ng4 26. Bxg7 Kxg7 27. Qc3+ Kg8 28. Qxa5 Qf6 29. Qc3 Qe7 30. c5 Ra8 31. e5 dxe5 32. Bxa8 Rxa8 33. fxe5 Qd7 34. c6 Qe7 35.
Qb4 Qd8 36. Rcd1 Qb8 37. a4 Qb6+ 38. Qd4 Qa5 39. Qc5 Kg7 40. Rf1 Qxa4 41. Ra1 Qxa1 42.
Rxa1 Rxa1+ 43. Kg2 Bd5+ 0-1

[Event "*** Titled Tuesday Blitz"]
[Site "Chess.com"]
[Date "2019.03.05"]
[Round "5"]
[White "Ainahia"]
[Black "CaptainCasanova"]
[Result "1-0"]
[WhiteElo "2629"]
[BlackElo "2766"]
[TimeControl "180+2"]
[EndTime "14:12:37 PST"]
[Termination "Ainahia won by resignation"]

1. e4 c5 2. Nf3 Nc6 3. d4 cxd4 4. Nxd4 e5 5. Nb5 d6 6. c4 a6 7. N5c3 g6 8. Bd3 Bg7 9. O-O Nge7 10. Nd5 O-O 11.
Nbc3 Nd4 12. Bg5 f6 13. Be3 Nxd5 14. Nxd5 Be6 15. Bxd4 exd4 16. Re1 Rc8 17. Rc1 Bh6 18. Rc2 Kg7 19. Bf1 Qa5 20. b4 Qa4 21. Nb6 Qxb4 22. Nxc8 Rxc8 23. Qb1 Qxb1 24. Rxb1 b5 25. Rb4 f5 26. Bd3 fxe4 27. cxb5 exd3 28. Rxc8 Bxc8 29. b6 d2 30. Rxd4 Kf6 31. f4 Ke6 32. g3 d5 33.
Rxd2 Bf8 34. Re2+ Kd7 35. Rc2 Bd6 36. Kf2 Bb7 37. Ke3 Ke6 38. Kd4 Kd7 39. a4 a5 40.
h4 Bb4 41. Rc7+ Kd6 42. Rxb7 1-0

[Event "*** Titled Tuesday Blitz"]
[Site "Chess.com"]
[Date "2019.03.05"]
[Round "5"]
[White "kosya4ok"]
[Black "mishanick"]
[Result "0-1"]
[WhiteElo "2668"]
[BlackElo "2975"]
[TimeControl "180+2"]
[EndTime "14:12:40 PST"]
[Termination "mishanick won by resignation"]

1. d4 Nf6 2. c4 e6 3. Nc3 d5 4. cxd5 Nxd5 5. Nf3 c5 6. g3 Nxc3 7. bxc3 cxd4 8. cxd4 Bb4+ 9. Bd2 Bxd2+ 10. Qxd2 Bd7 11. Ne5 Nc6 12. Nxd7 Qxd7 13. Bg2 Nxd4 14. Rc1 Rd8 15.
Qb2 O-O 16. O-O b6 17. Rfd1 Qb5 18. Qxb5 Nxb5 19. Rxd8 Rxd8 20. a4 Nd4 21. Bf1 g6 22. Rc7 a5 23. e3 Nb3 24. Rb7 Rd6 25. Bb5 Nc5 26. Ra7 e5 27. Kg2 e4 28. g4 h6 29.
h4 Kg7 30. Kg3 g5 31. hxg5 hxg5 32. Rc7 Kg6 33. Be8 Rf6 34. Kg2 Kg7 35. Kg3 Nd3 36. Bb5 Rf3+ 37. Kg2 Rxf2+ 38. Kg1 Rf3 39. Rc6 Rxe3 40.
Rxb6 Rg3+ 41. Kh2 Rxg4 42. Rd6 Nf4 43. Rd4 e3 44. Re4 Rg2+ 45. Kh1 e2 46. Bc6 Rf2 0-1

[Event "*** Titled Tuesday Blitz"]
[Site "Chess.com"]
[Date "2019.03.05"]
[Round "5"]
[White "Manukyan_Artak"]
[Black "Cryptinz"]
[Result "1-0"]
[WhiteElo "2408"]
[BlackElo "2331"]
[TimeControl "180+2"]
[EndTime "14:12:40 PST"]
[Termination "Manukyan_Artak won by resignation"]

1. e4 e5 2. Nf3 Nc6 3. d4 exd4 4. Nxd4 Bc5 5. Nxc6 dxc6 6. Qxd8+ Kxd8 7. Bc4 Be6 8. Bxe6 fxe6 9. Ke2 Ke7 10. Rd1 Nf6 11.
Bg5 h6 12. Bxf6+ gxf6 13. Nc3 h5 14. Rd3 h4 15. Rad1 Bd6 16. g3 Rag8 17. Kf3 hxg3 18. hxg3 Rh2 19. Ne2 f5 20. exf5 Rf8 21. Nd4 c5 22.
Nxe6 Rxf5+ 23. Nf4 Bxf4 24. gxf4 Rh4 25. Re3+ Kf6 26. Re4 Rh3+ 27. Kg2 Rh7 28. Rd8 Rfh5 29. Rf8+ Kg7 30. Rc8 Kg6 31. Re6+ Kf7 32. Re5 Rh2+ 33. Kf3 Kf6 34. Rxc5 c6 35. Rf8+ Ke6 36. Re5+ Kd6 37. Rf6+ Kd7 38. Rg5 Kc7 39. Rfg6 Kb6 40. f5 R2h3+ 41.
Rg3 R3h5 42. Kf4 Rf7 43. f6 Rh2 44. Rf3 Rh5 45. Kg4 Rc5 46. Rg7 Rf8 47. f7 Rc4+ 48.
Kg5 Rc5+ 49. Kg6 Rc4 50. Kg5 Rc5+ 51. Rf5 1-0

[Event "*** Titled Tuesday Blitz"]
[Site "Chess.com"]
[Date "2019.03.05"]
[Round "5"]
[White "Muguet7"]
[Black "josmito10"]
[Result "1-0"]
[WhiteElo "2454"]
[BlackElo "2758"]
[TimeControl "180+2"]
[EndTime "14:12:42 PST"]
[Termination "Muguet7 won by resignation"]

1. d4 Nf6 2. c4 e6 3. Nf3 d5 4. Nc3 dxc4 5. e3 a6 6. a4 c5 7. Bxc4 cxd4 8. exd4 Be7 9. O-O O-O 10. Qe2 Nc6 11. Rd1 Nb4 12. Bg5 Nfd5 13. Bxe7 Nxe7 14. Qe4 Ned5 15. Ne5 b6 16. Bd3 Nxd3 17. Rxd3 Bb7 18. Rh3 f5 19. Qf3 Ra7 20. Re1 Ba8 21. Qh5 Nf6 22.
Qh4 Re8 23. Nf3 h6 24. Qf4 Rd7 25. Rd1 g5 26. Qe5 Ng4 27. Qe2 Kg7 28. Ne5 Rxd4 29. Nxg4 Rxd1+ 30. Nxd1 fxg4 31. Qxg4 Qd5 32. Ne3 Qe4 33. Qe2 Rd8 34. Qe1 a5 35. Qc3+ e5 36. Qc7+ Kg6 37. Qxd8 Qb1+ 38. Nf1 Bxg2 39. Kxg2 Qe4+ 40.
Kg1 Qd4 41. Qxd4 exd4 42. Rd3 1-0

[Event "*** Titled Tuesday Blitz"]
[Site "Chess.com"]
[Date "2019.03.05"]
[Round "5"]
[White "chenrip"]
[Black "payto1"]
[Result "0-1"]
[WhiteElo "2305"]
[BlackElo "2241"]
[TimeControl "180+2"]
[EndTime "14:12:42 PST"]
[Termination "payto1 won by resignation"]

1. e4 c5 2. Nf3 d6 3. Bb5+ Nd7 4. a4 a6 5. Bc4 e6 6. O-O Ngf6 7. Re1 b6 8. d4 cxd4 9. Nxd4 Bb7 10. Nc3 Be7 11. Bxe6 fxe6 12. Nxe6 Qc8 13. Nxg7+ Kf7 14. Nf5 Ne5 15.
Nxd6+ Bxd6 16. Qxd6 Nc4 17. Qf4 Qg4 18. Qc7+ Kg6 19.
Qxb7 Ne5 20. Re3 Nh5 21. Qxb6+ Kg7 22. Qc7+ Nf7 23. h3 Qg6 24. Rf3 Rac8 25. Qa7 Rhd8 26.
Be3 Kg8 27. Nd5 Rxd5 28. exd5 Ne5 29. Rf4 Nxf4 30. Bxf4 Nf3+ 31. Kh1 Nh4 32. Bg3 Nf5 33. Kh2 Rxc2 34. Re1 Rc8 35. Qd7 Rf8 36. Re4 Nxg3 37. fxg3 Qxe4 38. d6 Rf2 39. Qd8+ Kg7 40. Qd7+ Kg6 0-1

[Event "*** Titled Tuesday Blitz"]
[Site "Chess.com"]
[Date "2019.03.05"]
[Round "5"]
[White "JoachimMouhamad"]
[Black "Mikhail_Golubev"]
[Result "0-1"]
[WhiteElo "2314"]
[BlackElo "2450"]
[TimeControl "180+2"]
[EndTime "14:12:42 PST"]
[Termination "Mikhail_Golubev won on time"]

1. e4 c5 2. Nf3 d6 3. d4 Nf6 4. Nc3 cxd4 5. Nxd4 Nc6 6. f3 e5 7. Nb3 Be7 8. Be3 O-O 9. Qd2 a5 10. a4 Be6 11. Bb5 Nb4 12. Qf2 d5 13. exd5 Nfxd5 14. Nxd5 Qxd5 15. Rd1 Nxc2+ 16. Qxc2 Qxb3 17. Qxb3 Bxb3 18.
Rd7 Rfd8 19. Rxd8+ Rxd8 20. Ke2 Rc8 21. Rc1 Rxc1 22.
Bxc1 Bc5 23. Bd2 b6 24. Kd3 Kf8 25. Ke4 f6 26. f4 Bd4 27. fxe5 Bxe5 28. Be3 Bxb2 29.
Bxb6 Bc3 30. Bc5+ Kf7 31. Kd3 Be5 32. Bc4+ Bxc4+ 33. Kxc4 Bxh2 34. Bb6 Ke6 35. Kb5 Kd7 36. Kxa5 Kc6 37. Bd4 Bd6 38. Bc3 Be7 0-1

[Event "*** Titled Tuesday Blitz"]
[Site "Chess.com"]
[Date "2019.03.05"]
[Round "5"]
[White "marianokar"]
[Black "ManuDavid2910"]
[Result "0-1"]
[WhiteElo "2431"]
[BlackElo "2741"]
[TimeControl "180+2"]
[EndTime "14:12:45 PST"]
[Termination "ManuDavid2910 won on time"]

1. e4 c5 2. Nf3 Nc6 3. Bb5 e6 4. c3 Nge7 5. O-O g6 6. d4 cxd4 7. Bg5 dxc3 8. Nxc3 Bg7 9. Bxc6 bxc6 10. e5 O-O 11. Qd6 f6 12. exf6 Bxf6 13. Bxf6 Rxf6 14. Ne4 Rf8 15. Rfd1 Nf5 16. Qe5 d5 17. Nc5 Qe7 18.
Rac1 a5 19. h3 Nd6 20. Nd4 Nc4 21. Rxc4 dxc4 22. Nxc6 Qg7 23. Qd6 Qxb2 24. Rf1 Qf6 25. Ne4 Qf4 26. Ne7+ Kg7 27. Qd4+ e5 28. Qd5 Be6 29.
Qxe6 Qxe4 30. Nd5 Rae8 31. Qd7+ Kh8 32. Nf6 Rxf6 33. Qxe8+ Kg7 34. Rd1 Qf4 35. Rd7+ Kh6 36. f3 e4 37. Qg8 exf3 38. Qxh7+ Kg5 39. h4+ Kg4 40. Rd1 fxg2 41. Qd7+ Kg3 0-1

[Event "*** Titled Tuesday Blitz"]
[Site "Chess.com"]
[Date "2019.03.05"]
[Round "5"]
[White "INLOVEWITHF"]
[Black "King_of_the_wing"]
[Result "1-0"]
[WhiteElo "2289"]
[BlackElo "2145"]
[TimeControl "180+2"]
[EndTime "14:12:49 PST"]
[Termination "INLOVEWITHF won by resignation"]

1. e4 Nf6 2. e5 Nd5 3. d4 b5 4.
Bxb5 c5 5. Bc4 cxd4 6. Bxd5 Qa5+ 7.
c3 Qxd5 8. Nf3 Qe4+ 9. Kf1 Ba6+ 10. Kg1 Be2 11. Qxd4 Bxf3 12. gxf3 Qxf3 13. Qf4 Qd1+ 14.
Kg2 Qd5+ 15. Qf3 Qxf3+ 16. Kxf3 Nc6 17. Ke4 O-O-O 18. Bf4 d5+ 19. exd6 exd6 20. c4 Be7 21. Nc3 Rhe8 22. Kd3 Nb4+ 23. Kd2 d5 24. cxd5 Nxd5 25.
Nxd5 Rxd5+ 26. Kc2 Kb7 27. Rad1 Red8 28. Be3 Bf6 29. Rxd5 Rxd5 30. b3 Rd6 31. Rd1 Rxd1 32. Kxd1 Be5 33. h3 a6 34. Ke2 f5 35. Kd3 Kc6 36. Bd4 Kd5 37. Bxe5 Kxe5 38. b4 Kd5 39. f4 h6 40. h4 g6 41. a3 Kc6 42. Kd4 Kd6 43. a4 Kc6 44. Ke5 Kd7 45. Kf6 g5 46. hxg5 1-0

[Event "*** Titled Tuesday Blitz"]
[Site "Chess.com"]
[Date "2019.03.05"]
[Round "5"]
[White "gmjoey1"]
[Black "Kampkatten"]
[Result "1-0"]
[WhiteElo "2728"]
[BlackElo "2770"]
[TimeControl "180+2"]
[EndTime "14:12:53 PST"]
[Termination "gmjoey1 won by resignation"]

1. e4 c5 2. Nf3 d6 3. c3 Nf6 4. Be2 g6 5. O-O Bg7 6. Re1 O-O 7. Bf1 Nc6 8. d4 cxd4 9. cxd4 Bg4 10. d5 Ne5 11. Nbd2 Nfd7 12. h3 Nxf3+ 13. Nxf3 Bxf3 14.
Qxf3 Qb6 15. Rb1 Rac8 16. Be3 Qa5 17. a3 Rc2 18. Bg5 Re8 19. b4 Qa4 20. Qd1 Nb6 21.
Bb5 Qxb5 22. Qxc2 Rc8 23. Qe2 Qxe2 24. Rxe2 Kf8 25. Be3 Na4 26. Rc1 Rxc1+ 27. Bxc1 Ke8 28. Rc2 Kd7 29. Be3 a6 30. Kf1 Nc3 31. f3 f5 32. Bd2 Nb5 33. Bc1 Nd4 34. Rf2 Nb3 35.
Bb2 Bh6 36. exf5 gxf5 37. Rc2 b5 38. Ke2 Bf4 39. g4 fxg4 40. fxg4 Bg5 41. Kd3 a5 42.
Bc3 a4 43. Ke4 Bc1 44. Bb2 Nd2+ 45. Kf5 Bxb2 46. Rxb2 Nc4 47. Ra2 Ke8 48. Ke6 Ne5 49. Rc2 Nc4 50. g5 Kf8 51. Rc3 Kg7 52. h4 Kg6 53. Kxe7 Kh5 54. Kf6 Kxh4 55. Rd3 Kg4 56. Rc3 Kf4 57. Rh3 Ne3 58. Rxh7 Nxd5+ 59. Ke6 Ke4 60.
Rh4+ Nf4+ 61. Kxd6 Kf5 62. Rxf4+ Kxf4 63. g6 1-0

[Event "*** Titled Tuesday Blitz"]
[Site "Chess.com"]
[Date "2019.03.05"]
[Round "5"]
[White "DawidCzerw"]
[Black "almaguerjm"]
[Result "1-0"]
[WhiteElo "2259"]
[BlackElo "2303"]
[TimeControl "180+2"]
[EndTime "14:12:53 PST"]
[Termination "DawidCzerw won by resignation"]

1. d4 Nf6 2. c4 c5 3. d5 e6 4.
Nc3 exd5 5. cxd5 d6 6. Nf3 g6 7.
Bf4 Bg7 8. Qa4+ Bd7 9. Qb3 Qc7 10.
e4 O-O 11. Nd2 Nh5 12. Be3 f5 13. exf5 gxf5 14. Be2 f4 15. Bxh5 fxe3 16. fxe3 Bh6 17. Nce4 b5 18. Qc3 Bg7 19. Qc2 Na6 20. a3 Qd8 21.
Nf3 Bf5 22. g4 Bxb2 23. gxf5 Bxa1 24. Rg1+ Kh8 25. Nfg5 Be5 26. Qg2 Qa5+ 27. Kf2 Rxf5+ 28. Bf3 Raf8 29. Qh3 Qc7 30. Rg4 Qe7 31. Rh4 Rxg5 32. Nxg5 Qxg5 33. Rxh7+ Kg8 34. Rh5 Qg6 35. e4 Nc7 36.
Rh4 Bd4+ 37. Ke2 Kf7 38. Bh5 Kg7 39. Bxg6 Rf2+ 40. Ke1 Kxg6 41. Rg4+ Kf6 42. Qh6+ Ke5 43.
Qg5+ 1-0